 Dungeon Crawl Stone Soup version 0.30-a0-341-g682706514a (webtiles) character file.

Game seed: 1400262939488932582

80 NinjaNoafa the Cutter (level 4, -1/33 HPs)
             Began as a Merfolk Gladiator on Nov 2, 2022.
             Slain by a hound (2 damage)
             ... on level 3 of the Dungeon on Nov 3, 2022.
             The game lasted 00:04:03 (1034 turns).

NinjaNoafa the Cutter (Merfolk Gladiator)           Turns: 1034, Time: 00:04:04

Health: -1/33      AC:  5    Str: 14    XL:     4   Next: 39%
Magic:  4/4        EV: 13    Int:  7    God:
Gold:   115        SH:  0    Dex: 17    Spells: 3/3 levels left

rFire   . . .      SeeInvis .    a - +0 rapier
rCold   . . .      Faith    .    (no shield)
rNeg    . . .      Spirit   .    b - +0 leather armour
rPois   .          Reflect  .    c - +0 helmet
rElec   .          Harm     .    (no cloak)
rCorr   .          Rampage  .    k - +0 pair of gloves
Will    .....                    (no boots)
Stlth   +.........               (no amulet)
HPRegen 0.25/turn                (no ring)
MPRegen 0.09/turn                (no ring)

@: flying, invisible
A: (nimble swimmer 2), mertail
a: no special abilities


You were on level 3 of the Dungeon.
You visited 1 branch of the dungeon, and saw 3 of its levels.

You collected 115 gold pieces.

Inventory:

Hand Weapons
 a - a +0 rapier (weapon)
Missiles
 d - 2 throwing nets (quivered)
 e - a javelin
 m - 8 stones
 n - 5 boomerangs
Armour
 b - a +0 leather armour (worn)
 c - a +0 helmet (worn)
 k - a +0 pair of gloves (worn)
Wands
 p - a wand of mindburst (7)
Scrolls
 f - a scroll of acquirement {unknown}
 g - a scroll of teleportation {unknown}
 i - a scroll of blinking {unknown}
 l - 2 scrolls of poison {unknown}
 o - a scroll of brand weapon {unknown}
 q - a scroll of magic mapping {unknown}
Potions
 j - a potion of invisibility


   Skills:
 - Level 2.1 Fighting
 + Level 6.1 Short Blades
 - Level 2.0 Throwing
 - Level 4.0 Dodging


You had 3 spell levels left.
You didn't know any spells.
Your spell library contained the following spells:

 Spells                   Type           Power      Damage    Failure   Level
 Sting                    Tmut/Pois      0%         1d3       52%         1


Dungeon Overview and Level Annotations

Branches:
Dungeon (3/15)

Altars:


Innate Abilities, Weirdness & Mutations

((You are very nimble when in or above water. (Stealth+, EV+, Speed+++)))
Your lower body shifts to a powerful aquatic tail in water.


Message History

The gnoll barely misses you.
You hit the gnoll.
The gnoll is moderately wounded.
The gnoll hits you with a +0 whip.
You hit the gnoll but do no damage.
The gnoll is moderately wounded.
The gnoll barely misses you.
You hit the gnoll but do no damage.
The gnoll is moderately wounded.
You puncture the gnoll!
The gnoll is almost dead.
The gnoll hits you with a +0 whip.
You hit the gnoll.
You kill the gnoll!
You barely miss the hound. The hound bites you. x2
You hit the hound.
The hound is lightly wounded.
The hound bites you.
* * * LOW HITPOINT WARNING * * *
You hit the hound.
The hound is lightly wounded.
The hound bites you.
* * * LOW HITPOINT WARNING * * *
It was a potion of invisibility.
You fade into invisibility!
The hound closely misses you. x2
It was a potion of flight.
You feel very buoyant.
You fly up into the air.
The hound closely misses you.
You don't know any spells.
Sorry, you're not good enough to have a special ability.
Unknown command.
You don't know any spells.
You hit the hound.
The hound is moderately wounded.
The hound barely misses you. The hound bites you.
* * * LOW HITPOINT WARNING * * *
The hound attacks as you move away! The hound bites you but does no damage.
The hound bites you.
You die...

.....#...#.....#
.....+...#....<#
.....#...#.....###
..####...#.......#
+## #####....#..#
.#...###.P#+#+#
..........)...#
......#.#hP#...#
......#.#.@# ..#
.#. #....# ##
####.# #.# #.. ###


You could see a hound.

Vanquished Creatures
  A hound (D:3)
  An adder (D:3)
  A gnoll (D:3)
  4 bats (D:1)
  3 endoplasms
  3 goblins
  6 hobgoblins (D:1)
  6 kobolds
  A quokka (D:3)
  A ball python (D:1)
  A frilled lizard (D:1)
  2 rats (D:2)
30 creatures vanquished.

Notes
Turn   | Place    | Note
-------+----------+-------------------------------------------
     0 | D:1      | NinjaNoafa the Merfolk Gladiator began the quest for the
                  | Orb.
     0 | D:1      | Reached XP level 1. HP: 16/16 MP: 1/1
    26 | D:1      | Found a faded altar of an unknown god.
    31 | D:1      | Got Plato's Precepts of Impurities
    85 | D:1      | Reached skill level 4 in Short Blades
   208 | D:1      | Reached XP level 2. HP: 22/22 MP: 2/2
   462 | D:1      | Reached skill level 5 in Short Blades
   462 | D:1      | Reached XP level 3. HP: 24/27 MP: 3/3
  1018 | D:3      | Reached skill level 6 in Short Blades
  1018 | D:3      | Reached XP level 4. HP: 26/33 MP: 4/4
  1032 | D:3      | HP: 1/33 [hound (4)]
  1034 | D:3      | Slain by a hound

Illustrated notes

Levels and vault maps discovered:
D:1:      saegor_arrival_miasma, layout_basic,
          shapermc_ecumenical_altar_rom_forum, minmay_tromino_v4_a
D:2:      layout_loops_cross, minmay_split_cup_large
D:3:      corexii_shack_village, layout_basic, cheibrodos_gnoll_hut, uniq_robin,
          uniq_natasha

Skill      XL: |  1  2  3 |
---------------+----------+-----
Short Blades   | 4 5 6 |  6.1
Fighting       | |  2.1
Throwing       | |  2.0
Dodging        | |  4.0

Action                   |  1- 3 |  4- 6 || total
-------------------------+-------+-------++-------
Melee: Rapier            |   103 |    13 ||   116
       Punch             |     2 |       ||     2
Throw: Throwing net      |     1 |       ||     1
  Use: Potion            |     2 |     2 ||     4
 Stab: Sleeping          |     1 |       ||     1
Armor: Leather armour    |    28 |     1 ||    29
Dodge: Dodged            |    92 |     8 ||   100

Table legend: (Time is in decaauts)
 A = Elapsed time spent in this place.
 B = Non-inter-level travel time spent in this place.
 C = Inter-level travel time spent in this place.
 D = Time resting spent in this place.
 E = Time spent auto-exploring this place.
 F = Levels seen in this place.
 G = Mean time per level.
                   A        B        C        D        E       F      G
               +--------+--------+--------+--------+--------+-----+--------+
         Total |   1013 |    995 |     18 |      0 |    704 |   3 |  337.7 |
       Dungeon |   1013 |    995 |     18 |      0 |    704 |   3 |  337.7 |
               +--------+--------+--------+--------+--------+-----+--------+

Top non-repeatable levels by time:
     D:1: 648 daAuts
     D:3: 216 daAuts
     D:2: 148 daAuts
